 Dungeon Crawl Stone Soup version 0.19.0-20-gbc5f0c6 (webtiles) character file.

42 Malachi the Insei (level 3, 0/26 HPs)
             Began as a Demonspawn Transmuter on Nov 18, 2016.
             Succumbed to an adder's poison
             ... on level 3 of the Dungeon.
             The game lasted 00:02:44 (1216 turns).

Malachi the Insei (Demonspawn Transmuter)           Turns: 1216, Time: 00:02:44

Health: 0/26       AC:  2    Str: 10    XL:     3   Next: 35%
Magic:  4/6        EV: 12    Int: 15    God:
Gold:   85         SH:  0    Dex: 13    Spells: 2 memorised, 3 levels left

rFire  + . .     SeeInvis .       - Unarmed
rCold  . . .     Gourm    .     b - +0 robe
rNeg   . . .     Faith    .     (no shield)
rPois  .         Spirit   .     (no helmet)
rElec  .         Reflect  .     (no cloak)
rCorr  .         Harm     .     (no gloves)
MR     .....                    (no boots)
Stlth  +.........               (no amulet)
                                (no ring)
                                (no ring)

@: lethally poisoned (0 -> -13), very slightly contaminated
A: talons 1, fire resistance 1
a: no special abilities


You were on level 3 of the Dungeon.
You were not hungry.

You visited 1 branch of the dungeon, and saw 3 of its levels.

You collected 85 gold pieces.

Inventory:

Missiles
 a - 12 arrows
 j - a throwing net (quivered)
Armour
 b - a +0 robe (worn)
Jewellery
 h - an uncursed ring of see invisible {unknown}
Scrolls
 f - a scroll of fog {unknown}
 g - 3 scrolls of identify {unknown}
 i - a scroll of amnesia {unknown}
Books
 c - a book of Changes

   Spells                             Type                      Level
   a - Beastly Appendage              Transmutation                1
   b - Sticks to Snakes               Transmutation                2
   c - Spider Form                    Transmutation/Poison         3
   d - Ice Form                       Ice/Transmutation            4
   e - Blade Hands                    Transmutation                5
Comestibles
 d - 2 bread rations


   Skills:
 + Level 1.1 Fighting
 + Level 2.0 Dodging
 + Level 0.2 Stealth
 + Level 3.4 Unarmed Combat
 + Level 2.3 Spellcasting
 + Level 2.0 Transmutations


You had 3 spell levels left.
You knew the following spells:

 Your Spells              Type           Power        Failure   Level  Hunger
a - Beastly Appendage     Tmut           #.....       12%         1    #......
b - Sticks to Snakes      Tmut           #.......     14%         2    ###....


Dungeon Overview and Level Annotations

Branches:
Dungeon (3/15)

Altars:

Annotations:
D:3 Grinder


Innate Abilities, Weirdness & Mutations

You have sharp toenails.
Your flesh is heat resistant. (rF+)


Message History

You close the door.
The rat barely misses you. The adder bites you.
You are poisoned.
The adder poisons you!
You aren't carrying any potions.
Casting: Beastly Appendage
Confirm with . or Enter, or press ? or * to list all spells.
You miscast Sticks to Snakes.
You are very lightly contaminated with residual magic.
Strange energies run through your body.
You feel sick. The adder bites you. The rat closely misses you.
You miss the adder. The adder bites you.
* * * LOW HITPOINT WARNING * * *
You are lethally poisoned!
The adder poisons you! The rat closely misses you. The adder bites you.
* * * LOW HITPOINT WARNING * * *
You are more poisoned.
The adder poisons you!
You hit the adder. Your kick misses the adder.
The adder is moderately wounded.
You die...

... # ##.#
#.###5.# #.5...#
#+## #####ยง#
#...## ###.#
#.....# ##.#.#
##.......
##....###.r......
##.).....+@S......
#...<..###........
#.##.### ##.......
# ### #.....#
#...## #+##


You could see an adder and a rat.

Vanquished Creatures
  An adder (D:2)
  2 oozes (D:1)
  2 leopard geckos
  4 bats (D:1)
  A giant cockroach (D:3)
  2 goblins
  2 jackals (D:1)
  A quokka (D:2)
  3 frilled lizards
  2 kobolds
  4 rats
24 creatures vanquished.

Notes
Turn   | Place    | Note
-------+----------+-------------------------------------------
     0 | D:1      | Malachi the Demonspawn Transmuter began the quest for the Orb.
     0 | D:1      | Reached XP level 1. HP: 15/15 MP: 3/3
   178 | D:1      | Mutation became permanent: You have claws for feet. [demonic ancestry]
   178 | D:1      | Reached XP level 2. HP: 21/21 MP: 3/5
   330 | D:1      | Reached skill level 3 in Unarmed Combat
   809 | D:2      | Gained mutation: Your flesh is heat resistant. (rF+) [demonic ancestry]
   809 | D:2      | Reached XP level 3. HP: 21/26 MP: 4/6
  1123 | D:2      | Learned a level 2 spell: Sticks to Snakes
  1191 | D:3      | Noticed Grinder
  1196 | D:3      | Paralysed by Grinder for 2 turns
  1215 | D:3      | HP: 1/26 [adder (4)]
  1216 | D:3      | Succumbed to an adder's poison

Skill      XL: |  1  2 |
---------------+-------+-----
Unarmed Combat | 3 |  3.4
Transmutations | 2 |  2.0
Dodging        | 2 |  2.0
Fighting       | |  1.1
Stealth        | |  0.2
Spellcasting   | |  2.3

Action                   || total
-------------------------++-------
Melee: Unarmed           ||    74
       Kick              ||     9
       Headbutt          ||     6
 Cast: Beastly Appendage ||    10
  Use: Scroll            ||     1
       Potion            ||     1
  Eat: Chunk             ||     1
Armor: Robe              ||    25
Dodge: Dodged            ||    68
